 Seeded DCSS version 0.29.1-15-g9cfb28693d (webtiles) character file.

Game seed: 15606157861061787411 (custom seed)

8373 bnorton916 the Destroyer (level 11, -13/54 HPs)
             Began as a Gargoyle Earth Elementalist on Apr 29, 2023.
             Was an Initiate of Gozag.
             Shot with a bolt by an orc warrior (17 damage)
             ... on level 10 of the Dungeon.
             The game lasted 00:21:45 (17931 turns).

bnorton916 the Destroyer (GrEE)                    Turns: 17931, Time: 00:21:46

Health: -13/54     AC: 17    Str: 11    XL:     11   Next: 29%
Magic:  15/29      EV: 10    Int: 27    God:    Gozag
Gold:   995        SH:  0    Dex: 10    Spells: 7/22 levels left

rFire   + + .      SeeInvis +   q - +2 dagger (drain)
rCold   . . .      Faith    .   (no shield)
rNeg    + . .      Spirit   .   D - +0 ring mail {rF+}
rPois   ∞          Reflect  .   (no helmet)
rElec   +          Harm     .   x - +0 cloak "Yrchurod" {Will++}
rCorr   .          Rampage  .   (no gloves)
Will    ++...                   O - +0 pair of boots
Stlth   +.........              (no amulet)
HPRegen 0.18/turn               u - ring of Viles {rElec rF+ Int+6 SInv}
MPRegen 0.21/turn               s - ring of magical power

@: gold aura, freezing walls
A: sickness immunity, AC +8, negative energy resistance 1, electricity
resistance, torment resistance 1, petrification resistance
a: Renounce Religion, Potion Petition, Call Merchant, Bribe Branch


You were on level 10 of the Dungeon.
You worshipped Gozag.
Gozag was pleased with you.
You visited 2 branches of the dungeon, and saw 11 of its levels.

You collected 1093 gold pieces.
You paid 98 gold pieces to Gozag.

Inventory:

Hand Weapons
 a - a +0 rapier of venom
 q - a +2 dagger of draining (weapon)
 C - a +1 hand axe of flaming
 S - a +0 whip of electrocution
 T - a +1 scimitar of flaming
Missiles
 m - 4 boomerangs
 r - 15 poisoned darts (quivered)
 y - 6 silver javelins
Armour
 x - the +0 cloak "Yrchurod" (worn) {Will++}
   (You found it on level 4 of the Dungeon)

   Will:      It greatly increases your willpower.
 D - a +0 ring mail of fire resistance (worn)
 O - a +0 pair of boots (worn)
 U - a +2 robe of willpower
Magical Staves
 N - a staff of death
Jewellery
 h - a +6 ring of strength
 s - a ring of magical power (right hand)
 u - the ring of Viles (left hand) {rElec rF+ Int+6 SInv}
   (You took it off a centaur on level 4 of the Dungeon)

   [ring of intelligence]

   Int:       It affects your intelligence (+6).
   rF:        It protects you from fire.
   rElec:     It insulates you from electricity.
   SInv:      It lets you see invisible.
 B - a +4 ring of evasion
 G - the ring of Muceush {rN+ Will+}
   (You found it on level 6 of the Dungeon)

   [ring of willpower]

   rN:        It protects you from negative energy.
   Will:      It increases your willpower.
Wands
 e - a wand of charming (10)
 t - a wand of iceblast (5)
 E - a wand of mindburst (23)
 P - a wand of flame (19)
 R - a wand of light (2)
Scrolls
 f - 4 scrolls of teleportation
 o - a scroll of identify
 p - 3 scrolls of enchant armour
 w - a scroll of silence
 I - 2 scrolls of vulnerability
 K - 2 scrolls of blinking
 M - 2 scrolls of amnesia {unknown}
 Q - a scroll of fog
Potions
 b - 4 potions of magic
 c - 3 potions of curing
 d - a potion of invisibility {unknown}
 g - 2 potions of haste
 i - 3 potions of heal wounds
 j - a potion of ambrosia
 k - a potion of resistance
 l - 4 potions of degeneration
 n - a potion of mutation {unknown}
 z - 2 potions of lignification
 A - a potion of brilliance
 F - 2 potions of attraction {unknown}
 H - a potion of berserk rage
 J - a potion of might {unknown}
 L - 2 potions of flight {unknown}


   Skills:
 - Level 7.0 Armour
 - Level 1.7 Dodging
 - Level 2.4 Stealth
 - Level 6.0 Spellcasting
 + Level 11.4 Conjurations
 - Level 3.0 Summonings
 - Level 1.3 Transmutations
 + Level 6.7 Ice Magic
 + Level 3.4 Air Magic
 - Level 7.0 Earth Magic


You had 7 spell levels left.
You knew the following spells:

 Your Spells              Type           Power      Damage    Failure   Level
a - Sandblast             Erth           92%        2d19      1%          1
b - Passwall              Tmut/Erth      25%        N/A       3%          2
c - Stone Arrow           Conj/Erth      100%       3d13      1%          3
d - Frozen Ramparts       Ice            88%        1d14      2%          3
e - Summon Small Mammal   Summ           96%        N/A       4%          1
f - Freezing Cloud        Conj/Ice/Air   23%        6-21      21%         5

Your spell library contained the following spells:

 Spells                   Type           Power      Damage    Failure   Level
 Static Discharge         Conj/Air       48%        3-9/arc   1%          2
 Beastly Appendage        Tmut           30%        N/A       8%          1
 Sting                    Tmut/Pois      44%        1d5       11%         1
 Wereblood                Tmut           15%        N/A       12%         2
 Call Canine Familiar     Summ           24%        N/A       12%         3
 Summon Ice Beast         Ice/Summ       34%        N/A       19%         4
 Lightning Bolt           Conj/Air       24%        1d39      19%         5
 Summon Guardian Golem    Hex/Summ       16%        N/A       22%         3
 Petrify                  Tmut/Erth      30%        N/A       24%         4
 Ice Form                 Ice/Tmut       29%        N/A       26%         4
 Spider Form              Tmut/Pois      11%        N/A       32%         3
 Confusing Touch          Hex            8%         N/A       38%         3
 Gell's Gravitas          Tloc           8%         N/A       38%         3
 Lesser Beckoning         Tloc           8%         N/A       38%         3
 Teleport Other           Tloc           8%         N/A       38%         3
 Yara's Violent Unravell  Hex/Tmut       5%         3d4       96%         5
 Eringya's Noxious Bog    Tmut/Pois      5%         N/A       100%        6
 Enfeeble                 Hex            4%         N/A       100%        7
 Storm Form               Tmut/Air       10%        N/A       100%        7
 Maxwell's Capacitive Co  Air            13%        ∞         100%        8


Dungeon Overview and Level Annotations

Branches:
Dungeon (10/15)            Temple (1/1) D:5            Lair (0/5) D:9
    Orc: D:9-12

Altars:
Ashenzari
Cheibriados
Dithmenos
Elyvilon
Fedhas
Gozag
Hepliaklqana
Kikubaaqudgha
Makhleb
Nemelex Xobeh
Okawaru
Qazlal
Ru
Sif Muna
Trog
Uskayaw
Vehumet
Wu Jian
Xom
Yredelemnul
Zin
The Shining One

Shops:
D:2 :


Innate Abilities, Weirdness & Mutations

You are immune to sickness and miasma.
Your stone body is resilient. (AC +8)
You are immune to poison.
You resist negative energy. (rN+)
You are resistant to electric shocks. (rElec)
You are resistant to unholy torment.
You are immune to petrification.


Message History

The wall freezes the kobold brigand.
The wall freezes the troll.
The troll bites you. The troll claws you but does no damage.
The troll claws you.
The wall freezes the killer bee.
You kill the killer bee!
Casting: Stone Arrow (safe; 1% risk of failure)
Confirm with . or Enter, or press ? or * to list all spells.
Aiming: Stone Arrow (safe; 1% risk of failure)
Press: ? - help, Shift-Dir - straight line, f/p - troll
Aim: a troll (lightly wounded, 78% to hit)
The stone arrow hits the troll!!
The troll is almost dead.
The wall freezes the troll.
The troll closely misses you. The troll completely misses you.
The troll barely misses you.
The wall freezes the orc warrior but does no damage.
The wall freezes the kobold brigand but does no damage.
Casting: Stone Arrow (safe; 1% risk of failure)
Confirm with . or Enter, or press ? or * to list all spells.
Aiming: Stone Arrow (safe; 1% risk of failure)
Press: ? - help, Shift-Dir - straight line, f/p - troll
Aim: a troll (almost dead, 78% to hit)
The stone arrow hits the troll!!
You kill the troll!
The wall freezes the kobold brigand.
The wall freezes the orc warrior.
The orc warrior unwields a +0 long sword.
The orc warrior wields a +0 arbalest.
The orc warrior shoots a bolt.
The bolt hits you!
* * * LOW HITPOINT WARNING * * *
The wall freezes the orc warrior!
Casting: Stone Arrow (safe; 1% risk of failure)
Confirm with . or Enter, or press ? or * to list all spells.
Aiming: Stone Arrow (safe; 1% risk of failure)
Press: ? - help, Shift-Dir - straight line, f - orc warrior
Aim: an orc warrior, wielding a +0 arbalest and wearing a +0 plate armour (lightly wounded, 78% to hit)
The stone arrow hits the orc warrior!
The orc warrior is heavily wounded.
The wall freezes the vampire mosquito.
The wall freezes the kobold brigand.
The wall freezes the orc warrior but does no damage.
The orc warrior shoots a bolt.
The bolt hits you!
You die...
Your body crumbles into a pile of gold.

#.......#
##.......###...#
...####.#####.....##
##...
...##.................
...
....#.################ ##
##..#.#.#.#.#.#.#
#...#...#.#...
#...###...#..## #
##..#.....#...#####.#.###
#........#...@$oK.[....#
##.####....#####y#.#####
#.#.........# ..# .K
#.##..#.#...##..# o.#
#.#...#.#.#.##### ##
..########### ..# ..#$ $$
$


You could see an orc warrior, a vampire mosquito and a kobold brigand.

Vanquished Creatures
  A boulder beetle (D:6)
  Erica (D:9)
  2 two-headed ogres
  Pikel (D:9)
  3 trolls
  Prince Ribbit (D:6)
  Sigmund (D:6)
  3 yaks (D:10)
  A wraith (D:9)
  A shadow (D:10)
  A steam dragon (D:9)
  A water moccasin (D:7)
  Edmund (D:6)
  4 ice beasts
  A black bear (D:7)
  A sky beast (D:8)
  An ogre (D:6)
  A wolf (D:8)
  3 lemures (D:9)
  8 centaurs
  2 phantoms
  A kobold brigand (D:6)
  A bullfrog (D:9)
  A necrophage (D:6)
  A gnoll sergeant (D:6)
  5 scorpions
  A wight (D:8)
  4 killer bees
  A howler monkey (D:4)
  5 crimson imps (D:7)
  5 hounds
  3 orc priests
  3 gnoll boudas
  5 iguanas
  9 orc wizards
  3 centaur simulacra (D:8)
  6 gnolls
  7 adders
  9 white imps
  An ufetubus (D:5)
  A dart slug (D:3)
  25 orcs
  5 endoplasms
  2 giant cockroaches
  3 goblins
  3 hobgoblins
  4 quokkas (D:2)
  2 ball pythons
  4 bats
  4 kobolds
  4 rats
167 creatures vanquished.

Vanquished Creatures (others)
  13 plants (D:3)
13 creatures vanquished.

Grand Total: 180 creatures vanquished

Notes
Turn   | Place    | Note
-------+----------+-------------------------------------------
     0 | D:1      | bnorton916 the Gargoyle Earth Elementalist began the quest
                  | for the Orb.
     0 | D:1      | Reached XP level 1. HP: 10/10 MP: 3/3
   188 | D:1      | Found a faded altar of an unknown god.
   197 | D:1      | Got Plato's Handbook of the Spider
   404 | D:1      | Reached skill level 1 in Transmutations
   404 | D:1      | Reached XP level 2. HP: 15/15 MP: 1/5
   866 | D:2      | Learned a level 2 spell: Passwall
   915 | D:2      | Found Kehoal's Book Shoppe.
   932 | D:2      | Reached XP level 3. HP: 7/19 MP: 0/6
  1411 | D:2      | Learned a level 3 spell: Stone Arrow
  2294 | D:3      | Reached skill level 1 in Conjurations
  2294 | D:3      | Reached XP level 4. HP: 14/24 MP: 0/7
  3357 | D:3      | Reached skill level 2 in Conjurations
  3365 | D:3      | Reached skill level 5 in Earth Magic
  3861 | D:3      | Reached XP level 5. HP: 28/28 MP: 5/8
  4628 | D:4      | Identified the ring of Viles {rElec rF+ Int+6 SInv}
  4628 | D:4      | Noticed a centaur
  4629 | D:4      | Found a bloodstained altar of Trog.
  4635 | D:4      | Killed a centaur
  4636 | D:4      | Reached skill level 3 in Conjurations
  4636 | D:4      | Reached XP level 6. HP: 7/32 MP: 4/9
  5162 | D:4      | Identified the +0 cloak "Yrchurod" {Will++}
  5530 | D:4      | Reached skill level 4 in Conjurations
  5879 | D:5      | Entered Level 5 of the Dungeon
  5886 | D:5      | Found a staircase to the Ecumenical Temple.
  5896 | Temple   | Entered the Ecumenical Temple
  6372 | D:5      | Reached XP level 7. HP: 32/36 MP: 10/10
  6747 | D:5      | Reached skill level 1 in Armour
  7254 | D:5      | Found a shimmering blue altar of Sif Muna.
  7594 | D:5      | Found a sacrificial altar of Ru.
  7832 | D:6      | Noticed Prince Ribbit
  7836 | D:6      | Killed Prince Ribbit
  7837 | D:6      | Reached XP level 8. HP: 41/41 MP: 14/14
  8691 | D:6      | Noticed Sigmund
  8695 | D:6      | Killed Sigmund
  8696 | D:6      | Reached skill level 5 in Spellcasting
  8788 | D:6      | Reached skill level 5 in Armour
  8893 | D:6      | Identified the ring of Muceush {rN+ Will+}
  8992 | D:6      | Noticed a troll
  9737 | D:6      | Learned a level 3 spell: Frozen Ramparts
  9844 | D:6      | Reached skill level 1 in Ice Magic
  9844 | D:6      | Reached XP level 9. HP: 41/45 MP: 4/17
  9993 | D:6      | Killed a troll
 10575 | D:6      | Noticed a boulder beetle
 10588 | D:6      | Killed a boulder beetle
 11322 | D:6      | Noticed Edmund
 11333 | D:6      | Killed Edmund
 11363 | D:6      | Learned a level 1 spell: Summon Small Mammal
 11426 | D:6      | Reached skill level 1 in Summonings
 11959 | D:7      | Found a blossoming altar of Fedhas.
 12031 | D:7      | Reached skill level 5 in Conjurations
 12031 | D:7      | Reached XP level 10. HP: 50/50 MP: 19/19
 12225 | D:7      | Found an ancient bone altar of Kikubaaqudgha.
 12230 | D:7      | Reached skill level 6 in Conjurations
 12810 | D:7      | Found a sparkling altar of Nemelex Xobeh.
 13269 | D:8      | Reached skill level 7 in Conjurations
 13347 | D:7      | Found an opulent altar of Gozag.
 13347 | D:7      | Found a stormy altar of Qazlal.
 13653 | D:7      | Found an iron altar of Okawaru.
 13867 | D:7      | Became a worshipper of Gozag Ym Sagoz the Greedy
 14296 | D:8      | Got the Teachings on Cloudy Blight
 14378 | D:8      | Noticed a two-headed ogre
 14382 | D:8      | HP: 2/50 [two-headed ogre/+0 giant spiked club (26)]
 14932 | D:8      | Killed a two-headed ogre
 14933 | D:8      | Reached skill level 8 in Conjurations
 15065 | D:8      | Reached skill level 9 in Conjurations
 15080 | D:8      | Learned a level 5 spell: Freezing Cloud
 15209 | D:9      | Found a glowing silver altar of Zin.
 15251 | D:9      | Found a glowing golden altar of the Shining One.
 15274 | D:9      | Noticed Erica
 15291 | D:9      | Killed Erica
 15292 | D:9      | Reached skill level 1 in Air Magic
 15531 | D:9      | Noticed Pikel
 15535 | D:9      | Killed Pikel
 15840 | D:9      | Found a staircase to the Lair.
 15893 | D:9      | Reached skill level 10 in Conjurations
 15993 | D:9      | Reached XP level 11. HP: 54/54 MP: 17/20
 16295 | D:9      | Noticed a two-headed ogre
 16301 | D:9      | Killed a two-headed ogre
 16302 | D:9      | Reached skill level 11 in Conjurations
 16691 | D:9      | Found a basalt altar of Yredelemnul.
 16919 | D:10     | Entered Level 10 of the Dungeon
 17139 | D:10     | Found a radiant altar of Vehumet.
 17434 | D:10     | Found an ornate altar of the Wu Jian Council.
 17931 | D:10     | Shot with a bolt by an orc warrior

Illustrated notes

Levels and vault maps discovered:
D:1:      lemuel_arrival_muddy, layout_basic,
          shapermc_ecumenical_altar_rom_forum, dk_noncrumbling_2
D:2:      layout_rooms, serial_shops, shop, palyth_stone_intersect
D:3:      layout_basic, nrook_uturn, minmay_misc_feat_four_crosses,
          nicolae_grassy_gnolls
D:4:      layout_basic, trog_three_pillars_becter, hangedman_decor_growths
D:5:      layout_gridville, led_sif_pool, nicolae_ru_the_path_less_chosen,
          minmay_temple_entry_glassed_door, serial_glass, glass_columns_a,
          glass_columns_a, glass_columns_c, glass_columns_a, glass_columns_b,
          glass_columns_a, glass_columns_a, glass_columns_a
D:6:      cheibrodos_barr_body, layout_gridville, uniq_edmund,
          uniq_prince_ribbit1, uniq_sigmund
D:7:      layout_loops_cross, mainiacjoe_overflow_paths,
          nicolae_overflow_hidden_temple,
          mainiacjoe_overflow_concentric_impassable, minmay_nine_imps
D:8:      layout_cave_pools, serial_ice, serial_ice_f, serial_ice_k,
          serial_ice_b, serial_ice_o, kennysheep_generic_room_3
D:9:      layout_basic, tso_metal_star, yredelemnul_altar_generic, zin_statuary,
          lair_entry_dummy, uniq_erica, uniq_pikel
D:10:     layout_layer_cave, pdpol_wu_jian_five_deadly_venoms,
          lemuel_doored_altar, minmay_misc_feat_enclosed,
          kennysheep_minor_cross, minmay_the_grid_2x2 [minmay_the_grid_spikes,
          minmay_the_grid_rooms, minmay_the_grid_all_tris,
          minmay_the_grid_prize_big_room], uniq_nergalle
Temple:   nicolae_temple_two_arcs

Skill      XL: |  1  2  3  4  5  6  7  8  9 10 11 |
---------------+----------------------------------+-----
Transmutations | 1 |  1.3
Earth Magic    | 4 5 6 7 |  7.0
Conjurations   | 1 2 3 4 5 10 11 | 11.4
Armour         | 4 6 7 |  7.0
Spellcasting   | 4 5 6 |  6.0
Ice Magic      | 1 6 |  6.7
Summonings     | 3 |  3.0
Air Magic      | 3 |  3.4
Dodging        | |  1.7
Stealth        | |  2.4

Action                   |  1- 3 |  4- 6 |  7- 9 | 10-12 || total
-------------------------+-------+-------+-------+-------++-------
Melee: Unarmed           |     3 |       |       |       ||     3
       Dagger            |       |       |     1 |    13 ||    14
       Punch             |       |       |       |     1 ||     1
Throw: Dart              |       |    10 |     3 |     6 ||    19
       Boomerang         |       |     5 |       |       ||     5
 Cast: Sandblast         |    43 |    35 |    46 |    25 ||   149
       Stone Arrow       |       |     5 |    61 |    72 ||   138
       Frozen Ramparts   |       |       |     5 |    14 ||    19
Evoke: Wand              |       |       |     6 |       ||     6
  Use: Scroll            |     2 |       |    12 |     4 ||    18
Armor: Robe              |     8 |    12 |    11 |       ||    31
       Ring mail         |       |       |     6 |    29 ||    35
Dodge: Dodged            |     7 |    10 |    25 |    34 ||    76
